 Dungeon Crawl Stone Soup version 0.25-a0-302-g9f758675c1 (webtiles) character file.

Game seed: 8079197677181501298, levelgen mode: deterministic

2003 MoonlitKnight the Magician (level 9, -4/69 HPs)
             Began as a Gnoll Skald on Dec 20, 2019.
             Was a Follower of Okawaru.
             Slain by an ogre
             ... wielding a +0 giant club
              (15 damage)
             ... on level 7 of the Dungeon.
             The game lasted 00:12:20 (6387 turns).

MoonlitKnight the Magician (Gnoll Skald)            Turns: 6387, Time: 00:12:20

Health: -4/69      AC: 10    Str: 15    XL:     9   Next: 22%
Magic:  16/18      EV: 16    Int: 15    God:    Okawaru [*.....]
Gold:   412        SH:  6    Dex: 24    Spells: 9/20 levels left

rFire    . . .     SeeInvis .   u - +3 whip (elec)
rCold    . . .     Gourm    .   g - +0 buckler
rNeg     . . .     Faith    .   h - +0 ring mail
rPois    .         Spirit   .   F - +2 helmet of Hath {Dex+7 Stlth-}
rElec    .         Reflect  .   (no cloak)
rCorr    .         Harm     .   (no gloves)
MR       .....                  x - +0 pair of boots {run}
Stlth    +.........             (no amulet)
HPRegen  0.21/turn              (no ring)
MPRegen  0.16/turn              (no ring)

@: marked, quick
A: distributed training, fangs 1, strong nose
a: Heroism, Renounce Religion


You were on level 7 of the Dungeon.
You worshipped Okawaru.
Okawaru was aware of your devotion.
You were very hungry.

You visited 2 branches of the dungeon, and saw 8 of its levels.

You collected 412 gold pieces.

Inventory:

Hand Weapons
 p - a +0 trident
 u - a +3 whip of electrocution (weapon)
Missiles
 q - 62 sling bullets
Armour
 g - a +0 buckler (worn)
 h - a +0 ring mail (worn)
 x - a +0 pair of boots of running (worn)
 F - the +2 helmet of Hath (worn) {Dex+7 Stlth-}
   (You found it on level 6 of the Dungeon)

   It affects your dexterity (+7).
   It makes you less stealthy.
Jewellery
 E - an uncursed amulet of faith {unknown}
Wands
 v - a wand of polymorph (6)
 w - a wand of iceblast (8)
 y - a wand of random effects (11)
Scrolls
 c - 2 scrolls of enchant weapon
 e - a scroll of immolation
 f - 2 scrolls of fear
 i - a scroll of amnesia {unknown}
 j - 3 scrolls of blinking {unknown}
 k - a scroll of fog {unknown}
 n - 4 scrolls of teleportation
 o - 5 scrolls of remove curse
 t - 2 scrolls of identify
 B - a scroll of noise {unknown}
 D - a scroll of enchant armour {unknown}
Potions
 a - a potion of agility
 b - a potion of brilliance
 l - 2 potions of heal wounds
 r - a potion of mutation
 s - a potion of invisibility
 z - a potion of curing
 C - 2 potions of flight
Comestibles
 d - 8 rations


   Skills:
 + Level 6.1 Fighting
 + Level 3.9 Short Blades
 + Level 3.9 Long Blades
 + Level 3.9 Axes
 + Level 3.9 Maces & Flails
 + Level 6.1 Polearms
 + Level 3.9 Staves
 + Level 3.9 Slings
 + Level 3.9 Bows
 + Level 3.9 Crossbows
 + Level 3.9 Throwing
 + Level 4.8 Armour
 + Level 6.1 Dodging
 + Level 3.9 Stealth
 + Level 3.9 Shields
 + Level 3.9 Unarmed Combat
 + Level 6.4 Spellcasting
 + Level 3.2 Conjurations
 + Level 3.2 Hexes
 + Level 6.4 Charms
 + Level 3.2 Summonings
 + Level 3.2 Necromancy
 + Level 3.2 Translocations
 + Level 3.2 Transmutations
 + Level 3.2 Fire Magic
 + Level 3.2 Ice Magic
 + Level 3.2 Air Magic
 + Level 3.2 Earth Magic
 + Level 3.2 Poison Magic
 + Level 4.3 Invocations
 + Level 3.9 Evocations


You had 9 spell levels left.
You knew the following spells:

 Your Spells              Type           Power        Failure   Level  Hunger
a - Infusion              Chrm           ###.         1%          1    None
b - Shroud of Golubria    Chrm/Tloc      ###...       5%          2    #......
c - Spectral Weapon       Hex/Chrm       ###.....     11%         3    ##.....
d - Regeneration          Chrm/Necr      ###.......   11%         3    ##.....
e - Song of Slaying       Chrm           ###.....     2%          2    #......

Your spell library contained the following spells:

 Spells                   Type           Power        Failure   Level  Hunger
 Animate Skeleton         Necr           N/A          7%          1    None
 Apportation              Tloc           ##....       7%          1    None
 Confusing Touch          Hex            ##....       7%          1    None
 Summon Small Mammal      Summ           ##..         7%          1    None


Dungeon Overview and Level Annotations

Branches:
Dungeon (7/15)             Temple (1/1) D:5

Altars:
Ashenzari
Cheibriados
Dithmenos
Elyvilon
Fedhas
Gozag
Kikubaaqudgha
Makhleb
Nemelex Xobeh
Okawaru
Qazlal
Ru
Sif Muna
Vehumet
Wu Jian
Xom
Yredelemnul
The Shining One

Shops:
D:3 *

Annotations:
D:2 exclusion: oklob plant


Innate Abilities, Weirdness & Mutations

Your experience applies equally to all skills.
You have very sharp teeth.
Your uncanny sense of smell can sniff out nearby items.


Message History

The ice beast is lightly wounded.
A worker ant comes into view.
The sky beast barely misses you. The ice beast barely misses you.
You hit the ice beast.
The ice beast is lightly wounded.
Your spectral weapon hits the ice beast but does no damage.
The orc completely misses you. The ogre closely misses you.
A worker ant comes into view.
The sky beast hits you but does no damage.
The worker ant waves its antennae.
The worker ant closely misses your spectral weapon.
You hit the sky beast.
The sky beast is heavily wounded.
The ice beast hits you.
* * * LOW HITPOINT WARNING * * *
The ice beast freezes you!
* * * LOW HITPOINT WARNING * * *
The orc hits your spectral weapon. You block the orc's attack.
The ogre hits you with a +0 giant club!
You die...

#.. ∆ #..#
###.. .. ##
.#..
##..#.##.o#
#Y....ac..###.#
#Ho.....#
#YO(#####
#@o.#####
#Y.......
#a.......
..####### ####


You could see a hippogriff, an ice beast, a sky beast, an ogre, a centaur, 2
worker ants, an orc priest, 2 orcs and a friendly spectral +3 whip of
electrocution.

Vanquished Creatures
  Pikel (D:4)
  An orc warrior (D:6)
  An ice beast (D:6)
  2 black bears (D:6)
  A phantom (D:4)
  2 bullfrogs (D:6)
  A scorpion (D:4)
  5 killer bees
  A howler monkey (D:5)
  2 bullfrog zombies (D:5)
  A jelly (D:6)
  3 orc priests
  A bullfrog skeleton (D:5)
  A hound (D:4)
  A centaur skeleton (D:4)
  Jessica (D:3)
  Terence (D:2)
  An iguana (D:4)
  3 orc wizards
  3 worker ants
  A worker ant zombie (D:5)
  An adder (D:2)
  An ooze (D:4)
  An adder zombie (D:5)
  An adder skeleton (D:4)
  2 worms
  2 dart slugs
  3 leopard geckos
  15 orcs
  4 giant cockroaches
  7 goblins
  6 hobgoblins
  11 jackals
  2 quokkas (D:2)
  4 ball pythons
  9 bats
  8 frilled lizards
  9 kobolds
  4 rats
124 creatures vanquished.

Vanquished Creatures (others)
  An adder (D:4)
  3 jackals (D:4)
4 creatures vanquished.

Grand Total: 128 creatures vanquished

Notes
Turn   | Place    | Note
-------+----------+-------------------------------------------
     0 | D:1      | MoonlitKnight the Gnoll Skald began the quest for the Orb.
     0 | D:1      | Reached XP level 1. HP: 20/20 MP: 6/6
   384 | D:1      | Reached XP level 2. HP: 26/26 MP: 7/7
   936 | D:2      | Noticed Terence
   959 | D:2      | Killed Terence
   959 | D:2      | Reached skill level 5 in Spellcasting
   959 | D:2      | Reached skill level 1 in Invocations
   959 | D:2      | Reached XP level 3. HP: 24/31 MP: 0/9
   987 | D:2      | Reached skill level 1 in Short Blades
   987 | D:2      | Reached skill level 1 in Long Blades
   987 | D:2      | Reached skill level 1 in Axes
   987 | D:2      | Reached skill level 1 in Maces & Flails
   987 | D:2      | Reached skill level 1 in Staves
   987 | D:2      | Reached skill level 1 in Slings
   987 | D:2      | Reached skill level 1 in Bows
   987 | D:2      | Reached skill level 1 in Crossbows
   987 | D:2      | Reached skill level 1 in Throwing
   987 | D:2      | Reached skill level 1 in Stealth
   987 | D:2      | Reached skill level 1 in Shields
   987 | D:2      | Reached skill level 1 in Unarmed Combat
   987 | D:2      | Reached skill level 1 in Evocations
  1087 | D:2      | Learned a level 2 spell: Shroud of Golubria
  1091 | D:2      | Learned a level 3 spell: Spectral Weapon
  1095 | D:2      | Learned a level 3 spell: Regeneration
  1098 | D:2      | Learned a level 2 spell: Song of Slaying
  1122 | D:2      | Reached XP level 4. HP: 38/38 MP: 11/11
  1391 | D:2      | Found a blossoming altar of Fedhas.
  1410 | D:2      | Noticed an oklob plant
  2075 | D:3      | Reached skill level 1 in Conjurations
  2075 | D:3      | Reached skill level 1 in Hexes
  2075 | D:3      | Reached skill level 1 in Summonings
  2075 | D:3      | Reached skill level 1 in Necromancy
  2075 | D:3      | Reached skill level 1 in Translocations
  2075 | D:3      | Reached skill level 1 in Transmutations
  2075 | D:3      | Reached skill level 1 in Fire Magic
  2075 | D:3      | Reached skill level 1 in Ice Magic
  2075 | D:3      | Reached skill level 1 in Air Magic
  2075 | D:3      | Reached skill level 1 in Earth Magic
  2075 | D:3      | Reached skill level 1 in Poison Magic
  2216 | D:3      | Found Gozag's Platinum Reserve.
  2216 | D:3      | Found an opulent altar of Gozag.
  2222 | D:3      | Found a stormy altar of Qazlal.
  2222 | D:3      | Found a shimmering blue altar of Sif Muna.
  2223 | D:3      | Found a sacrificial altar of Ru.
  2244 | D:3      | Reached XP level 5. HP: 43/43 MP: 7/12
  2289 | D:3      | Found an ancient bone altar of Kikubaaqudgha.
  2548 | D:3      | Noticed Jessica
  2553 | D:3      | Killed Jessica
  2559 | D:3      | Found a shimmering blue altar of Sif Muna.
  2841 | D:4      | Noticed a slave
  2841 | D:4      | Noticed Pikel
  2842 | D:4      | Noticed a slave
  2843 | D:4      | Noticed a slave
  2843 | D:4      | Noticed a slave
  2846 | D:4      | Reached XP level 6. HP: 45/50 MP: 6/13
  2854 | D:4      | Killed Pikel
  2854 | D:4      | Reached skill level 5 in Fighting
  2854 | D:4      | Reached skill level 5 in Polearms
  2854 | D:4      | Reached skill level 5 in Dodging
  2854 | D:4      | Reached XP level 7. HP: 52/56 MP: 7/15
  3104 | D:4      | Identified a +0 pair of boots of running (You found it on
                  | level 4 of the Dungeon)
  3168 | D:4      | Found a shimmering altar of Xom.
  3284 | D:4      | Reached XP level 8. HP: 44/63 MP: 16/16
  3845 | D:5      | Entered Level 5 of the Dungeon
  4023 | D:5      | Found a staircase to the Ecumenical Temple.
  4045 | Temple   | Entered the Ecumenical Temple
  4049 | Temple   | Became a worshipper of Warmaster Okawaru
  4431 | D:5      | Found a white marble altar of Elyvilon.
  4564 | D:5      | Found a glowing golden altar of the Shining One.
  5438 | D:6      | Reached * piety under Okawaru
  5438 | D:6      | Reached XP level 9. HP: 64/69 MP: 18/18
  5956 | D:6      | Got a dazzling helmet
  5966 | D:6      | Identified the +2 helmet of Hath {Dex+7 Stlth-} (You found
                  | it on level 6 of the Dungeon)
  6013 | D:6      | Found a basalt altar of Yredelemnul.
  6387 | D:7      | Slain by an ogre

Levels and vault maps discovered:
D:1:      roderic_octagonal_star, layout_loops_corners
D:2:      layout_basic, tgw_fedhas, uniq_terence
D:3:      layout_loops_ring, nicolae_gozag_zags_fifth_avenue,
          nicolae_overflow_quartered_altars, minmay_strange_pillars, tgw_sif
D:4:      layout_basic, xom_butterflies, uniq_pikel
D:5:      minmay_inner_zag, layout_cave_pools, kennysheep_little_box,
          lemuel_coloured_pillars_altar, minmay_temple_entry_sparse_star,
          first_ration, serial_glass, glass_columns_b, glass_columns_c
D:6:      layout_layer_cave, portal_sewer_entry_b, yredelemnul_altar_generic
D:7:      layout_loops_ring, serial_shops, shop, basic_altar
Temple:   nicolae_temple_x_marks_the_god

Skill      XL: |  1  2  3  4  5  6  7  8 |
---------------+-------------------------+-----
Spellcasting   | 5 6 |  6.4
Invocations    | 1 2 3 4 |  4.3
Short Blades   | 1 2 3 |  3.9
Long Blades    | 1 2 3 |  3.9
Axes           | 1 2 3 |  3.9
Maces & Flails | 1 2 3 |  3.9
Staves         | 1 2 3 |  3.9
Slings         | 1 2 3 |  3.9
Bows           | 1 2 3 |  3.9
Crossbows      | 1 2 3 |  3.9
Throwing       | 1 2 3 |  3.9
Stealth        | 1 2 3 |  3.9
Shields        | 1 2 3 |  3.9
Unarmed Combat | 1 2 3 |  3.9
Evocations     | 1 2 3 |  3.9
Conjurations   | 1 2 3 |  3.2
Hexes          | 1 2 3 |  3.2
Summonings     | 1 2 3 |  3.2
Necromancy     | 1 2 3 |  3.2
Translocations | 1 2 3 |  3.2
Transmutations | 1 2 3 |  3.2
Fire Magic     | 1 2 3 |  3.2
Ice Magic      | 1 2 3 |  3.2
Air Magic      | 1 2 3 |  3.2
Earth Magic    | 1 2 3 |  3.2
Poison Magic   | 1 2 3 |  3.2
Armour         | 3 4 |  4.8
Fighting       | 5 6 |  6.1
Polearms       | 5 6 |  6.1
Dodging        | 5 6 |  6.1
Charms         | 6 |  6.4

Action                   |  1- 3 |  4- 6 |  7- 9 || total
-------------------------+-------+-------+-------++-------
Melee: Spear             |    94 |       |       ||    94
       Bite              |    12 |     8 |    21 ||    41
       Trident           |     7 |   108 |       ||   115
       Whip              |       |       |   237 ||   237
Throw: Dart              |       |     4 |       ||     4
 Cast: Infusion          |     6 |       |       ||     6
       Spectral Weapon   |       |     5 |     4 ||     9
       Regeneration      |       |       |     2 ||     2
  Use: Scroll            |       |       |     9 ||     9
       Potion            |       |       |     3 ||     3
 Stab: Sleeping          |       |     2 |     2 ||     4
       Invisible         |       |       |     1 ||     1
  Eat: Chunk             |     1 |     6 |    10 ||    17
Armor: Leather armour    |     4 |       |       ||     4
       Ring mail         |    12 |    28 |    86 ||   126
Dodge: Dodged            |    46 |    45 |   238 ||   329
Block: Buckler           |    16 |    16 |    80 ||   112

Table legend:
 A = Non-vault XP
 B = Vault XP
 C = Vault XP percentage of total XP
 D = Non-vault monster count
 E = Vault monster count
 F = Vault count percentage of total count
                 A         B        C        D         E       F
            +---------+---------+-------+---------+---------+-------
      Total |    2063 |     799 |  27.9 |     115 |       9 |   7.3
            +---------+---------+-------+---------+---------+-------
        D:1 |      28 |       0 |   0.0 |      17 |       0 |   0.0
        D:2 |      49 |      36 |  42.4 |      20 |       1 |   4.8
        D:3 |     131 |      37 |  22.0 |      26 |       1 |   3.7
        D:4 |     369 |     685 |  65.0 |      11 |       1 |   8.3
        D:5 |     362 |      35 |   8.8 |      23 |       2 |   8.0
        D:6 |    1121 |       6 |   0.5 |      17 |       4 |  19.0
        D:7 |       3 |       0 |   0.0 |       1 |       0 |   0.0
            +---------+---------+-------+---------+---------+-------
